 Dungeon Crawl Stone Soup version 0.31-a0-177-g4aa6249778 (webtiles) character file.

Game seed: 15985093730099711324

2058 NoAnimeNoLife the Carver (level 9, -8/48 HPs)
             Began as a Tengu Gladiator on June 19, 2023.
             Was an Initiate of Gozag.
             Killed from afar by an electric eel (12 damage)
             ... with a bolt of electricity
             ... on level 6 of the Dungeon.
             The game lasted 00:04:07 (5480 turns).

NoAnimeNoLife the Carver (Tengu Gladiator)          Turns: 5480, Time: 00:04:08

Health: -8/48      AC:  6    Str: 14    XL:     9   Next: 25%
Magic:  10/10      EV: 17    Int:  9    God:    Gozag
Gold:   718        SH:  5    Dex: 20    Spells: 8/8 levels left

rFire   . . .        j - +5 rapier (protect)
rCold   . . .        (no shield)
rNeg    . . .        b - +0 leather armour
rPois   +            c - +0 hat
rElec   .            C - +1 cloak
rCorr   .            w - +0 pair of gloves
SInv    +            (boots unavailable)
Will    .....        f - amulet of reflection
Stlth   +++          o - ring of poison resistance
HPRegen 0.28/turn    y - ring of see invisible
MPRegen 0.12/turn

%: reflection
@: flying quickly and evasively, quick
A: beak, talons 3, nimble flight
a: Renounce Religion, Potion Petition, Call Merchant, Bribe Branch


You were on level 6 of the Dungeon.
You worshipped Gozag.
Gozag was pleased with you.
You visited 1 branch of the dungeon, and saw 6 of its levels.
You also visited: Sewer.

You collected 867 gold pieces.
You spent 149 gold pieces at shops.

Inventory:

Hand Weapons
 a - a +0 long sword
 j - a +5 rapier of protection (weapon)
Missiles
 d - 4 throwing nets (quivered)
 e - a javelin
Armour
 b - a +0 leather armour (worn)
 c - a +0 hat (worn)
 w - a +0 pair of gloves (worn)
 C - a +1 cloak (worn)
Jewellery
 f - an amulet of reflection (around neck)
 o - a ring of poison resistance (left hand)
 x - an amulet of the acrobat
 y - a ring of see invisible (right hand)
 I - an amulet of guardian spirit
Wands
 A - a wand of digging (5)
 B - a wand of light (2)
Scrolls
 h - 3 scrolls of immolation
 k - 2 scrolls of vulnerability
 n - 2 scrolls of noise
 q - a scroll of blinking {unknown}
 s - a scroll of fear {unknown}
 z - 5 scrolls of enchant armour {unknown}
 D - a scroll of poison {unknown}
 E - a scroll of identify
 F - 6 scrolls of teleportation {unknown}
 G - a scroll of enchant weapon {unknown}
 H - 2 scrolls of fog {unknown}
 K - a scroll of summoning {unknown}
Potions
 g - a potion of lignification
 i - a potion of curing
 l - a potion of invisibility {unknown}
 m - a potion of attraction {unknown}
 p - a potion of brilliance
 r - 2 potions of ambrosia {unknown}
 t - a potion of berserk rage {unknown}
 u - 2 potions of degeneration {unknown}
 v - a potion of might {unknown}
 J - 2 potions of heal wounds {unknown}


   Skills:
 - Level 2.0 Fighting
 + Level 11.2 Long Blades
 - Level 2.0 Throwing
 - Level 4.5 Dodging
 + Level 6.5 Stealth


You had 8 spell levels left.
You didn't know any spells.
Your spell library contained the following spells:

 Spells                   Type           Power      Damage    Failure   Level
 Necrotise                Necr           0%         1d4       45%         1
 Ozocubu's Armour         Ice            0%         N/A       83%         3
 Portal Projectile        Hex/Tloc       0%         N/A       83%         3
 Tukima's Dance           Hex            0%         N/A       83%         3
 Vampiric Draining        Necr           0%         2d6       83%         3
 Agony                    Necr           0%         N/A       100%        5
 Blade Hands              Tmut           0%         N/A       100%        5
 Metabolic Englaciation   Hex/Ice        0%         N/A       100%        5
 Simulacrum               Ice/Necr       Unusable   N/A       N/A         6

Dungeon Overview and Level Annotations

Branches:
Dungeon (6/15)             Temple (0/1) D:4           Sewer (visited)

Altars:
Gozag
Kikubaaqudgha
Qazlal
Vehumet
Xom
Yredelemnul

Shops:
D:4 *


Innate Abilities, Weirdness & Mutations

You have a beak for a mouth.
You have claws for feet.
Your magical nature lets you fly swiftly and evasively.


Message History

You now have 668 gold pieces (gained 7).
Things that are here:
a +0 club; a +0 leather armour You now have 674 gold pieces (gained 6).
You see here a +0 whip.
You now have 688 gold pieces (gained 14).
Things that are here:
a +3 whip; a curare-tipped dart; a +0 spear You now have 696 gold pieces (gained 8).
You see here a +0 spear.
You now have 706 gold pieces (gained 10).
Items here: (( )).
You now have 714 gold pieces (gained 8).
You see here a +1 short sword of holy wrath.
Items here: (( )).
You see here a +0 spear.
Things that are here:
a +3 whip; a curare-tipped dart; a +0 spear
Things that are here:
a +0 club; a +0 leather armour An electric eel comes into view.
The electric eel moves out of view.
You now have 718 gold pieces (gained 4).
You see here a +0 club.
Found a glaive.
No target in view!
You see here a +0 glaive.
The electric eel shoots out a bolt of lightning at you!
The bolt of electricity hits you!
The electric eel shoots out a bolt of lightning at you!
The bolt of electricity hits you!
An electric eel is nearby!
The electric eel shoots out a bolt of lightning at you!
The bolt of electricity hits you!
The electric eel shoots out a bolt of lightning at you!
The bolt of electricity hits you!
* * * LOW HITPOINT WARNING * * *
The bolt of electricity hits you!
You die...
Your body crumbles into a pile of gold.

##...#####)#~~~~~~~
≈P≈♣~~~~P♣ #..###
#)~~PP~P~~≈~≈≈≈≈≈≈≈~~♣~~
#.###
#~♣~P~~~~~≈≈≈≈≈≈≈≈≈≈~~~)
..._#
♣~~~~~P~~≈≈≈≈≈≈≈≈≈≈≈≈~~~
.P..#
♣♣~SP~~~~≈≈≈≈≈≈≈≈≈≈≈≈~P~
.P.##
♣~~~~P~~≈≈≈≈≈≈≈≈≈≈≈≈≈~~~
....#
♣~~~P~~≈≈≈≈≈≈≈≈≈≈≈~~~~
.#._#
♣~~~~PS~~~≈~≈≈≈~≈~~~♣~
#####
.##P~♣@♣~~~~≈~≈P~~P~~~~
....♣~P~♣♣~♣~~~~~~~~~♣♣
#..#♣♣~~♣~~~~♣♣♣~♣♣~~
##....##♣♣♣P♣P♣~♣####
####......)....#
#############


You could see 2 electric eels.

Vanquished Creatures
  Pikel (D:5)
  Sigmund (D:4)
  Eustachio (D:4)
  An ice beast (D:5)
  4 ogres
  A lemure (D:5)
  A kobold brigand (D:6)
  A howler monkey (D:5)
  2 hounds (D:6)
  2 gnoll boudas
  4 orc priests
  A sleepcap (D:5)
  3 jellies (D:5)
  Ijyb (D:4)
  2 iguanas
  An orc wizard (D:5)
  12 adders
  7 gnolls
  2 river rats (Sewer)
  2 shadow imps
  2 worms
  3 dart slugs
  16 orcs
  12 endoplasms
  5 giant cockroaches
  2 goblins (D:1)
  4 hobgoblins
  4 jackals (D:1)
  7 kobolds
  5 quokkas
  8 ball pythons
  6 bats
  7 frilled lizards
  18 rats
149 creatures vanquished.

Notes
Turn   | Place    | Note
-------+----------+-------------------------------------------
     0 | D:1      | NoAnimeNoLife the Tengu Gladiator began the quest for the
                  | Orb.
     0 | D:1      | Reached XP level 1. HP: 12/12 MP: 2/2
    74 | D:1      | Reached XP level 2. HP: 17/17 MP: 3/3
   555 | D:1      | Reached XP level 3. HP: 13/21 MP: 4/4
   627 | D:1      | Reached skill level 4 in Long Blades
  1289 | D:2      | Reached XP level 4. HP: 18/26 MP: 5/5
  1729 | D:2      | Identified a scroll of acquirement
  1732 | D:2      | Acquired a +5 rapier of protection
  1838 | D:3      | Found a faded altar of an unknown god.
  1938 | D:3      | Prayed at the altar of an unknown god.
  1938 | D:3      | Became a worshipper of Gozag Ym Sagoz the Greedy
  2090 | D:3      | Reached skill level 5 in Long Blades
  2692 | D:4      | Noticed Sigmund
  2763 | D:4      | Gained mutation: Your magical nature lets you fly swiftly
                  | and evasively. [Tengu growth]
  2763 | D:4      | Reached XP level 5. HP: 30/30 MP: 6/6
  3092 | D:4      | Noticed Eustachio
  3107 | D:4      | Killed Eustachio
  3108 | D:4      | Reached skill level 6 in Long Blades
  3108 | D:4      | Reached XP level 6. HP: 35/35 MP: 7/7
  3208 | D:4      | Killed Sigmund
  3209 | D:4      | Reached skill level 7 in Long Blades
  3209 | D:4      | Reached XP level 7. HP: 28/40 MP: 8/8
  3328 | D:4      | Noticed Ijyb
  3333 | D:4      | Reached skill level 8 in Long Blades
  3349 | D:4      | Killed Ijyb
  3605 | D:4      | Found Jotzuces's Neck Hole.
  3609 | D:4      | Bought a +1 cloak for 149 gold pieces
  3732 | D:4      | Found a staircase to the Ecumenical Temple.
  3849 | D:5      | Entered Level 5 of the Dungeon
  3863 | D:5      | Reached skill level 9 in Long Blades
  3922 | D:5      | Reached skill level 1 in Stealth
  4044 | D:5      | Reached XP level 8. HP: 43/44 MP: 9/9
  4140 | D:5      | Noticed Pikel
  4185 | D:5      | Killed Pikel
  4186 | D:5      | Reached skill level 10 in Long Blades
  4189 | D:5      | Reached skill level 5 in Stealth
  4721 | D:6      | Reached XP level 9. HP: 48/48 MP: 10/10
  4729 | D:6      | Found a glowing drain.
  4734 | Sewer    | Entered a sewer
  5257 | D:6      | Found a stormy altar of Qazlal.
  5286 | D:6      | Reached skill level 11 in Long Blades
  5312 | D:6      | Found a basalt altar of Yredelemnul.
  5315 | D:6      | Found a shimmering altar of Xom.
  5316 | D:6      | Found an ancient bone altar of Kikubaaqudgha.
  5362 | D:6      | Found a radiant altar of Vehumet.
  5480 | D:6      | Killed from afar by an electric eel

Illustrated notes

Levels and vault maps discovered:
D:1:      matt_arrival_spirals, layout_loops_corners, chequers_garden,
          serial_park_tiny_1
D:2:      layout_loops_ring, grunt_ministairs_4
D:3:      layout_basic, shapermc_ecumenical_altar_pompeii, minmay_distorted
D:4:      layout_rooms, minmay_temple_entry_nine_rooms,
          dreamdust_princess_corridor, nicolae_shop_sticking_my_neck_out,
          uniq_ijyb, uniq_sigmund, uniq_eustachio
D:5:      layout_cave_pools, kennysheep_generic_room_3, uniq_pikel
D:6:      layout_basic, mainiacjoe_overflow_alcove_2,
          mainiacjoe_overflow_alcove_3, gup_sewer_entry_spiral,
          serial_bayou_lake_a, uniq_edmund

Skill      XL: |  1  2  3  4  5  6  7  8  9 |
---------------+----------------------------+-----
Dodging        | 4 |  4.5
Long Blades    | 4 5 6 7 9 10 11 | 11.2
Stealth        | 2 5 6 |  6.5
Fighting       | |  2.0
Throwing       | |  2.0

Action                     |  1- 3 |  4- 6 |  7- 9 || total
---------------------------+-------+-------+-------++-------
  Melee: Long sword        |    72 |    13 |       ||    85
         Kick              |    13 |    15 |    70 ||    98
         Peck              |     5 |    12 |    34 ||    51
         Rapier            |       |    65 |   213 ||   278
         Punch             |       |       |     1 ||     1
  Throw: Throwing net      |       |       |     1 ||     1
    Use: Scroll            |       |     8 |       ||     8
   Stab: Sleeping          |     2 |     1 |    15 ||    18
         Held in net/web   |       |       |     1 ||     1
 Armour: Leather armour    |    19 |    19 |    35 ||    73
  Dodge: Dodged            |    41 |    48 |    84 ||   173
  Block: Other             |       |    23 |    27 ||    50

Table legend: (Time is in decaauts)
 A = Elapsed time spent in this place.
 B = Non-inter-level travel time spent in this place.
 C = Inter-level travel time spent in this place.
 D = Time resting spent in this place.
 E = Time spent auto-exploring this place.
 F = Levels seen in this place.
 G = Mean time per level.
                   A        B        C        D        E       F      G
               +--------+--------+--------+--------+--------+-----+--------+
         Total |   5311 |   5083 |    228 |    546 |   3580 |   7 |  758.7 |
       Dungeon |   4958 |   4730 |    228 |    546 |   3342 |   6 |  826.3 |
         Sewer |    353 |    353 |      0 |      0 |    237 |   1 |  353.0 |
               +--------+--------+--------+--------+--------+-----+--------+

Top non-repeatable levels by time:
     D:4: 1056 daAuts
     D:1: 1011 daAuts
     D:3: 956 daAuts
     D:2: 796 daAuts
     D:5: 710 daAuts
     D:6: 428 daAuts
   Sewer: 353 daAuts
